Predators vs Senateurs

Created - January 21, 2021 at 19:37

Goals
1 2 3 T
Predators 2 0 2 4
Senateurs 1 2 2 5
Shots
1 2 3 T
Predators 17 7 9 33
Senateurs 10 7 5 22

1st period

1. Senateurs , Marek Svatos 8 (Dion Phaneuf 17, Maxim Lapierre 12) at 4:46
2. Predators , Mikael Granlund 14 (Ryan Kesler 24, Alexander Ovechkin 24) at 8:12
3. Predators , Brendan Gallagher 12 (Justin Faulk 18, Jaden Schwartz 15) at 14:27 (PP)

Penalties :
Justin Faulk (Nas) for Roughing (Minor) at 8:39, Cody Franson (Ott) for Roughing (Minor) at 13:52, Alexander Ovechkin (Nas) for Roughing (Minor) at 16:22

2nd period

4. Senateurs , Derek Boogaard 8 (Sidney Crosby 25) at 7:15 (PP)
5. Senateurs , Sergei Kostitsyn 10 (Dion Phaneuf 18) at 17:28

Penalties :
Dmitri Kalinin (Nas) for Roughing (Minor) at 7:09

3rd period

6. Senateurs , Derek Boogaard 9 (Sidney Crosby 26) at 0:39 (PP)
7. Predators , Alex Killorn 1 (Ryan Mcdonagh 17) at 2:00
8. Senateurs , Reilly Smith 9 (Marek Svatos 11) at 18:59 (Empty Net)
9. Predators , Brendan Gallagher 13 (Jaden Schwartz 16, Alexander Edler 17) at 19:43

Penalties :
John Moore (Nas) for Hooking (Minor) at 0:35, Cody Franson (Ott) for High sticking (Minor) at 3:58, Nik Antropov (Nas) for Hooking (Minor) at 8:22, Peter Regin (Ott) for Delaying the game (Minor) at 13:18, Cody Franson (Ott) for Tripping (Minor) at 19:58

Goalie Stats

Anders Lindback (Nas), 14 saves from 18 shots - (0.778), 40:39 minutes
Viktor Fasth (Nas), 3 saves from 3 shots - (1.000), L, 16-11-1, 18:11 minutes
Jaroslav Halak (Ott), 29 saves from 33 shots - (0.879), W, 20-14-4, 60:00 minutes

Players Stats for Predators

Player Name              G  A  P  +/- PIM S  H  SB GA TA FO     MP     PP MP  PK MP  
------------------------------------------------------------------------------------
Alex Killorn             1  0  1   1  0   3  1  0  0  0  0/0     8:47   0:00   0:00 
Alexander Edler          0  1  1   3  0   5  2  0  1  0  0/0    26:43   1:37   3:21 
Alexander Ovechkin       0  1  1  -1  2   1  2  0  0  1  1/1    20:54   1:44   0:44 
Andy Miele               0  0  0   1  0   0  1  0  0  0  2/5    12:42   0:40   3:15 
Brendan Gallagher        2  0  2   0  0   4  5  0  1  0  0/1    14:48   2:16   1:13 
Byron Bitz               0  0  0  -1  0   2  2  0  0  0  0/0    14:14   0:25   1:42 
Dmitri Kalinin           0  0  0  -2  2   0  0  2  0  1  0/0    12:38   0:35   0:00 
Jack Eichel              0  0  0   0  0   0  0  0  0  0  4/9    13:32   2:16   0:00 
Jaden Schwartz           0  2  2   0  0   3  1  0  0  0  0/1    16:00   2:16   2:03 
John Moore               0  0  0   0  2   4  1  2  0  0  0/0    19:59   2:22   2:46 
Justin Abdelkader        0  0  0  -1  0   2  1  0  0  0  0/0    12:01   0:34   0:00 
Justin Faulk             0  1  1   0  2   2  1  1  0  0  0/0    16:48   2:22   0:00 
Mark Pysyk               0  0  0   1  0   0  2  0  0  0  0/1    12:04   0:00   3:17 
Mikael Granlund          1  0  1  -1  0   3  1  0  2  1  1/3    19:20   1:36   0:00 
Nate Schmidt             0  0  0  -2  0   0  1  0  0  2  0/0    15:50   0:35   2:46 
Nik Antropov             0  0  0  -1  2   1  0  0  0  0  2/2    11:41   0:12   0:00 
Ryan Kesler              0  1  1   0  0   2  0  0  1  0  13/24  19:04   1:43   0:00 
Ryan Mcdonagh            0  1  1   3  0   1  1  3  1  0  0/0    26:43   1:37   3:21 

Players Stats for Senateurs

Player Name              G  A  P  +/- PIM S  H  SB GA TA FO     MP     PP MP  PK MP  
------------------------------------------------------------------------------------
Arturs Kulda             0  0  0  -1  0   1  1  0  0  0  0/0    16:28   0:00   1:36 
Brandon Burlon           0  0  0  -1  0   0  2  2  0  0  0/0    15:15   0:00   0:09 
Brian McGrattan          0  0  0   0  0   0  0  0  0  0  0/0     8:29   0:00   0:00 
Cody Franson             0  0  0   3  6   0  1  0  0  1  0/0    23:57   4:06   1:16 
Colby Armstrong          0  0  0  -2  0   0  0  0  0  0  0/0    15:12   2:54   0:00 
Derek Boogaard           2  0  2   0  0   7  1  0  1  0  1/3    22:38   3:13   1:39 
Dion Phaneuf             0  2  2   3  0   1  0  1  1  0  0/0    24:59   4:06   2:20 
Eric Gelinas             0  0  0  -2  0   1  3  2  1  1  0/0    19:46   2:01   2:05 
Marek Svatos             1  1  2   2  0   2  0  0  0  0  0/0    11:49   0:00   0:00 
Matt Martin              0  0  0  -2  0   1  4  0  0  1  0/1    15:45   2:54   0:35 
Matt Moulson             0  0  0   0  0   0  0  0  0  1  0/1     9:35   0:00   1:32 
Maxim Lapierre           0  1  1   2  0   1  0  0  0  0  0/1    11:15   0:00   0:00 
Nate Prosser             0  0  0  -2  0   1  0  2  1  1  0/0    19:37   2:01   1:42 
Nick Bjugstad            0  0  0  -2  0   1  0  0  1  0  2/7    16:17   2:54   1:24 
Peter Regin              0  0  0   0  2   1  2  0  0  0  1/2     9:41   0:00   0:51 
Reilly Smith             1  0  1   0  0   2  0  0  0  0  2/3    20:52   3:13   0:35 
Sergei Kostitsyn         1  0  1   2  0   2  2  1  0  0  0/0    11:17   0:00   0:48 
Sidney Crosby            0  2  2   0  0   1  4  1  0  1  18/29  22:30   3:13   1:44 

3 Stars

1 - Brendan Gallagher (Nas)
2 - Derek Boogaard (Ott)
3 - Marek Svatos (Ott)

Power Play

Predators - 1 on 4 Attempt(s) - 25.00%
Senateurs - 2 on 5 Attempt(s) - 40.00%

Penalty Kill

Predators - 3 on 5 Attempt(s) - 60.00% - Score 0 goal in Penalty Kill
Senateurs - 3 on 4 Attempt(s) - 75.00% - Score 0 goal in Penalty Kill

Team Stat

Predators - Hits : 22 - Faceoff Wins : 23 - Blocked Shots : 8 - Penalty Minutes : 10
Senateurs - Hits : 20 - Faceoff Wins : 24 - Blocked Shots : 9 - Penalty Minutes : 8

Official

Referees : Unknown
Linesman : Unknown

Game Notes

Viktor Fasth enters game at 0:39 of 3rd period
Reilly Smith has scored in a empty net!

Finance

Level 1 -- Attendance: 5468 (91.13%) -- Ticket Income $563,204
Level 2 -- Attendance: 3796 (75.92%) -- Ticket Income $258,128
Level 3 -- Attendance: 1586 (79.30%) -- Ticket Income $68,198
Level 4 -- Attendance: 4000 (100.00%) -- Ticket Income $112,000
Luxury Box -- Attendance: 1000 (100.00%) -- Ticket Income $180,000
Game was played at the Place Banque Scotia.
Total Attendance: 15850 (88.06%)
Total Ticket Income: $1,181,530
Other Income: $177,230
Total Income: $1,358,760

Predators

5 vs 5 Forward 
   Center                   Left Wing                Right Wing               Time % Phy DF OF 
 1 Ryan Kesler              Alexander Ovechkin       Mikael Granlund          40     1   2  2  
 2 Jack Eichel              Jaden Schwartz           Brendan Gallagher        30     1   2  2  
 3 Nik Antropov             Justin Abdelkader        Byron Bitz               20     1   2  2  
 4 Andy Miele               Alex Killorn             Mark Pysyk               10     1   2  2  

5 vs 5 Defense 
   Defense                  Defense                                           Time % Phy DF OF 
 1 Ryan Mcdonagh            Alexander Edler                                   40     1   2  2  
 2 John Moore               Justin Faulk                                      33     1   2  2  
 3 Dmitri Kalinin           Nate Schmidt                                      20     1   2  2  
 4 Ryan Mcdonagh            Alexander Edler                                   7      1   2  2  

PowerPlay Forward 
   Center                   Left Wing                Right Wing               Time % Phy DF OF 
 1 Ryan Kesler              Alexander Ovechkin       Mikael Granlund          60     1   1  3  
 2 Jack Eichel              Jaden Schwartz           Brendan Gallagher        40     1   1  3  

PowerPlay Defense
   Defense                  Defense                                           Time % Phy DF OF 
 1 Ryan Mcdonagh            Alexander Edler                                   60     1   1  3  
 2 John Moore               Justin Faulk                                      40     1   1  3  

Penalty Kill 4 Players Forward 
   Center                   Wing                     Time % Phy DF OF 
 1 Andy Miele               Mark Pysyk               60     1   2  2  
 2 Jaden Schwartz           Byron Bitz               40     1   2  2  

Penalty Kill 4 Players Defense
   Defense                  Defense                  Time % Phy DF OF 
 1 Ryan Mcdonagh            Alexander Edler          60     1   2  2  
 2 John Moore               Nate Schmidt             40     1   1  3  

Penalty Kill - 3 Players Forward 
   Forward                                           Time % Phy DF OF 
 1 Alexander Ovechkin                                60     1   2  2  
 2 Mikael Granlund                                   40     1   2  2  

Penalty Kill - 3 Players Defense
   Defense                  Defense                  Time % Phy DF OF 
 1 Ryan Mcdonagh            Alexander Edler          60     1   2  2  
 2 John Moore               Nate Schmidt             40     1   2  2  

4 vs 4 Forward 
   Center                   Wing                     Time % Phy DF OF 
 1 Mikael Granlund          Alexander Ovechkin       60     1   2  2  
 2 Jaden Schwartz           Brendan Gallagher        40     1   2  2  

4 vs 4 Defense
   Defense                  Defense                  Time % Phy DF OF 
 1 Ryan Mcdonagh            Alexander Edler          60     1   2  2  
 2 John Moore               Justin Faulk             40     1   2  2  

Last Minutes Offensive
   Center                   Left Wing                Right Wing               Defense                  Defense                  
   Ryan Kesler              Alexander Ovechkin       Mikael Granlund          Ryan Mcdonagh            Alexander Edler          

Last Minutes Defensive
   Center                   Left Wing                Right Wing               Defense                  Defense                  
   Andy Miele               Jaden Schwartz           Brendan Gallagher        John Moore               Ryan Mcdonagh            

Goaltenders
Starting : Anders Lindback          
Backup : Viktor Fasth             

Extra Forwards
Normal : Jack Eichel, Byron Bitz, Nik Antropov - PP : Andy Miele, Justin Abdelkader - PK : Brendan Gallagher
Extra Defensemen
Normal : Dmitri Kalinin, Nate Schmidt, John Moore - PP : Dmitri Kalinin - PK : Justin Faulk, John Moore
Penalty Shots
Jaden Schwartz, Ryan Kesler, Alexander Ovechkin, Jack Eichel, Ryan Mcdonagh

Scratches
None

Senateurs

5 vs 5 Forward 
   Center                   Left Wing                Right Wing               Time % Phy DF OF 
 1 Sidney Crosby            Derek Boogaard           Reilly Smith             40     1   2  2  
 2 Nick Bjugstad            Matt Martin              Colby Armstrong          30     1   2  2  
 3 Maxim Lapierre           Sergei Kostitsyn         Marek Svatos             20     1   2  2  
 4 Peter Regin              Matt Moulson             Brian McGrattan          10     1   2  2  

5 vs 5 Defense 
   Defense                  Defense                                           Time % Phy DF OF 
 1 Dion Phaneuf             Cody Franson                                      40     1   2  2  
 2 Eric Gelinas             Nate Prosser                                      30     1   2  2  
 3 Brandon Burlon           Arturs Kulda                                      20     1   2  2  
 4 Dion Phaneuf             Cody Franson                                      10     1   2  2  

PowerPlay Forward 
   Center                   Left Wing                Right Wing               Time % Phy DF OF 
 1 Sidney Crosby            Derek Boogaard           Reilly Smith             60     1   2  2  
 2 Nick Bjugstad            Matt Martin              Colby Armstrong          40     1   2  2  

PowerPlay Defense
   Defense                  Defense                                           Time % Phy DF OF 
 1 Dion Phaneuf             Cody Franson                                      60     1   2  2  
 2 Eric Gelinas             Nate Prosser                                      40     1   2  2  

Penalty Kill 4 Players Forward 
   Center                   Wing                     Time % Phy DF OF 
 1 Sidney Crosby            Derek Boogaard           60     1   2  2  
 2 Matt Martin              Reilly Smith             40     1   2  2  

Penalty Kill 4 Players Defense
   Defense                  Defense                  Time % Phy DF OF 
 1 Dion Phaneuf             Cody Franson             60     1   2  2  
 2 Eric Gelinas             Nate Prosser             40     1   2  2  

Penalty Kill - 3 Players Forward 
   Forward                                           Time % Phy DF OF 
 1 Sidney Crosby                                     60     1   2  2  
 2 Derek Boogaard                                    40     1   2  2  

Penalty Kill - 3 Players Defense
   Defense                  Defense                  Time % Phy DF OF 
 1 Dion Phaneuf             Cody Franson             60     1   2  2  
 2 Eric Gelinas             Nate Prosser             40     1   2  2  

4 vs 4 Forward 
   Center                   Wing                     Time % Phy DF OF 
 1 Sidney Crosby            Derek Boogaard           60     1   2  2  
 2 Matt Martin              Reilly Smith             40     1   2  2  

4 vs 4 Defense
   Defense                  Defense                  Time % Phy DF OF 
 1 Dion Phaneuf             Cody Franson             60     1   2  2  
 2 Eric Gelinas             Nate Prosser             40     1   2  2  

Last Minutes Offensive
   Center                   Left Wing                Right Wing               Defense                  Defense                  
   Sidney Crosby            Derek Boogaard           Reilly Smith             Dion Phaneuf             Cody Franson             

Last Minutes Defensive
   Center                   Left Wing                Right Wing               Defense                  Defense                  
   Sidney Crosby            Derek Boogaard           Reilly Smith             Dion Phaneuf             Cody Franson             

Goaltenders
Starting : Jaroslav Halak           
Backup : Jonas Hiller             

Extra Forwards
Normal : Marek Svatos, Maxim Lapierre, Peter Regin - PP : Marek Svatos, Maxim Lapierre - PK : Peter Regin
Extra Defensemen
Normal : Brandon Burlon, Arturs Kulda, Eric Gelinas - PP : Brandon Burlon - PK : Arturs Kulda, Eric Gelinas
Penalty Shots
Sidney Crosby, Derek Boogaard, Matt Martin, Reilly Smith, Colby Armstrong

Scratches
None


% Time on Ice - Predators

Lines # - Real PCT - Wanted PCT - Time Play
Normal Forward
1 - 35% - 40% - 17:02
2 - 24% - 30% - 11:41
3 - 23% - 20% - 11:27
4 - 18% - 10% - 8:47
Normal Defense
1 - 41% - 40% - 20:07
2 - 30% - 33% - 14:52
3 - 24% - 20% - 11:53
4 - 4% - 7% - 2:05
PP Forward
1 - 46% - 60% - 2:07
2 - 54% - 40% - 2:27
PP Defense
1 - 48% - 60% - 2:12
2 - 52% - 40% - 2:22
PK Forward
1 - 72% - 60% - 4:25
2 - 28% - 40% - 1:42
PK Defense
1 - 55% - 60% - 3:21
2 - 45% - 40% - 2:46
PK3 Forward
1 - 0% - 60%
2 - 0% - 40%
PK3 Defense
1 - 0% - 60%
2 - 0% - 40%
44 Forward
1 - 0% - 60%
2 - 0% - 40%
44 Defense
1 - 0% - 60%
2 - 0% - 40%
Last Minute Offensive  - 0:22
Last Minute Defensive  - 0:00
Total
Forward - 60:00
Defense - 60:00

% Time on Ice - Senateurs

Lines # - Real PCT - Wanted PCT - Time Play
Normal Forward
1 - 35% - 40% - 17:17
2 - 28% - 30% - 13:29
3 - 22% - 20% - 10:33
4 - 16% - 10% - 7:39
Normal Defense
1 - 35% - 40% - 16:59
2 - 32% - 30% - 15:35
3 - 30% - 20% - 14:52
4 - 3% - 10% - 1:32
PP Forward
1 - 53% - 60% - 3:13
2 - 47% - 40% - 2:54
PP Defense
1 - 67% - 60% - 4:06
2 - 33% - 40% - 2:01
PK Forward
1 - 87% - 60% - 3:59
2 - 13% - 40% - 0:35
PK Defense
1 - 66% - 60% - 3:01
2 - 34% - 40% - 1:33
PK3 Forward
1 - 0% - 60%
2 - 0% - 40%
PK3 Defense
1 - 0% - 60%
2 - 0% - 40%
44 Forward
1 - 0% - 60%
2 - 0% - 40%
44 Defense
1 - 0% - 60%
2 - 0% - 40%
Last Minute Offensive  - 0:00
Last Minute Defensive  - 0:21
Total
Forward - 60:00
Defense - 60:00

Play-by-Play

1st period


0:01 of 1st period - Sidney Crosby wins face-off versus Mikael Granlund in neutral zone.
0:11 of 1st period - Dion Phaneuf is hit by Alexander Ovechkin.
1:08 of 1st period - Slapshot by Byron Bitz.
1:08 of 1st period - Shot Blocked by Eric Gelinas.
1:28 of 1st period - Snap shot by Nik Antropov.
1:28 of 1st period - Stopped by Jaroslav Halak with a rebound.
1:30 of 1st period - Wrist shot by Nik Antropov.
1:30 of 1st period - Shot Blocked by Nate Prosser.
1:32 of 1st period - Slapshot by Ryan Mcdonagh.
1:32 of 1st period - Shot Blocked by Eric Gelinas.
1:34 of 1st period - Snap shot by Byron Bitz.
1:34 of 1st period - Stopped by Jaroslav Halak with a rebound.
2:06 of 1st period - Ryan Mcdonagh is hit by Peter Regin and loses puck.
2:37 of 1st period - Slapshot by Alexander Edler.
2:37 of 1st period - Stopped by Jaroslav Halak without a rebound.
2:38 of 1st period - Sidney Crosby wins face-off versus Jack Eichel in Senateurs zone.
4:15 of 1st period - Matt Martin is hit by Mikael Granlund.
4:42 of 1st period - Snap shot by Marek Svatos.
4:42 of 1st period - Shot Blocked by Dmitri Kalinin.
4:44 of 1st period - Slapshot by Dion Phaneuf.
4:44 of 1st period - Stopped by Anders Lindback with a rebound.
4:46 of 1st period - Wrist shot by Marek Svatos.
4:46 of 1st period - Deflect By Jaden Schwartz.
4:46 of 1st period - Goal by Marek Svatos - Predators : 0 - Senateurs : 1.
4:47 of 1st period - Ryan Kesler wins face-off versus Sidney Crosby in neutral zone.
4:59 of 1st period - Backhand shot by Ryan Kesler.
4:59 of 1st period - Deflect By Alexander Ovechkin.
4:59 of 1st period - Stopped by Jaroslav Halak with a rebound.
5:35 of 1st period - Jack Eichel is hit by Matt Martin and loses puck.
7:08 of 1st period - Wrist shot by Jaden Schwartz.
7:08 of 1st period - Stopped by Jaroslav Halak with a rebound.
7:10 of 1st period - Snap shot by Brendan Gallagher.
7:10 of 1st period - Stopped by Jaroslav Halak with a rebound.
7:12 of 1st period - Slapshot by Justin Faulk.
7:12 of 1st period - Stopped by Jaroslav Halak with a rebound.
7:52 of 1st period - Snap shot by Matt Moulson.
7:52 of 1st period - Shot Misses the Net.
8:12 of 1st period - Wrist shot by Mikael Granlund.
8:12 of 1st period - Goal by Mikael Granlund - Predators : 1 - Senateurs : 1.
8:13 of 1st period - Sidney Crosby wins face-off versus Ryan Kesler in neutral zone.
8:22 of 1st period - Snap shot by Sidney Crosby.
8:22 of 1st period - Shot Blocked by John Moore.
8:24 of 1st period - Slapshot by Eric Gelinas.
8:24 of 1st period - Deflect By Derek Boogaard.
8:24 of 1st period - Stopped by Anders Lindback with a rebound.
8:26 of 1st period - Slapshot by Eric Gelinas.
8:26 of 1st period - Stopped by Anders Lindback without a rebound.
8:27 of 1st period - Sidney Crosby wins face-off versus Jack Eichel in Predators zone.
8:30 of 1st period - Snap shot by Derek Boogaard.
8:30 of 1st period - Stopped by Anders Lindback without a rebound.
8:31 of 1st period - Sidney Crosby wins face-off versus Jaden Schwartz in Predators zone.
8:39 of 1st period - Minor Penalty to Justin Faulk for Roughing.
8:40 of 1st period - Andy Miele wins face-off versus Sidney Crosby in Predators zone.
10:27 of 1st period - Cody Franson is hit by Mark Pysyk and loses puck.
10:39 of 1st period - Penalty to Justin Faulk is over, Justin Faulk is back on ice.
10:50 of 1st period - Alexander Edler is hit by Sergei Kostitsyn.
11:08 of 1st period - Wrist shot by Jaden Schwartz.
11:08 of 1st period - Stopped by Jaroslav Halak with a rebound.
11:14 of 1st period - Snap shot by Jaden Schwartz.
11:14 of 1st period - Shot Misses the Net.
11:16 of 1st period - Snap shot by John Moore.
11:16 of 1st period - Deflect By Nate Prosser.
11:16 of 1st period - Stopped by Jaroslav Halak without a rebound.
11:17 of 1st period - Jack Eichel wins face-off versus Nick Bjugstad in Senateurs zone.
11:18 of 1st period - Snap shot by Jaden Schwartz.
11:18 of 1st period - Stopped by Jaroslav Halak with a rebound.
11:38 of 1st period - Dmitri Kalinin is hit by Brandon Burlon.
11:39 of 1st period - Icing by Dmitri Kalinin.
11:40 of 1st period - Jack Eichel wins face-off versus Matt Moulson in Predators zone.
11:40 of 1st period - Jack Eichel is hit by Cody Franson.
11:46 of 1st period - Cody Franson is hit by Jaden Schwartz and loses puck.
12:53 of 1st period - Snap shot by Byron Bitz.
12:53 of 1st period - Shot Blocked by Brandon Burlon.
12:55 of 1st period - Slapshot by Justin Faulk.
12:55 of 1st period - Stopped by Jaroslav Halak without a rebound.
12:56 of 1st period - Sidney Crosby wins face-off versus Ryan Kesler in Senateurs zone.
12:56 of 1st period - Sidney Crosby is hit by Alexander Ovechkin.
13:04 of 1st period - Snap shot by Derek Boogaard.
13:04 of 1st period - Shot Blocked by Ryan Mcdonagh.
13:06 of 1st period - Slapshot by Sidney Crosby.
13:06 of 1st period - Shot Misses the Net.
13:31 of 1st period - Snap shot by Alexander Ovechkin.
13:31 of 1st period - Shot Misses the Net.
13:37 of 1st period - Backhand shot by Mikael Granlund.
13:37 of 1st period - Stopped by Jaroslav Halak without a rebound.
13:38 of 1st period - Jack Eichel wins face-off versus Sidney Crosby in Senateurs zone.
13:47 of 1st period - Snap shot by Jaden Schwartz.
13:47 of 1st period - Shot Misses the Net.
13:49 of 1st period - Slapshot by Alexander Edler.
13:49 of 1st period - Stopped by Jaroslav Halak without a rebound.
13:50 of 1st period - Sidney Crosby wins face-off versus Jack Eichel in Senateurs zone.
13:52 of 1st period - Minor Penalty to Cody Franson for Roughing.
13:53 of 1st period - Sidney Crosby wins face-off versus Ryan Kesler in Senateurs zone.
13:53 of 1st period - Sidney Crosby is hit by Ryan Mcdonagh.
14:20 of 1st period - Dion Phaneuf is hit by Brendan Gallagher and loses puck.
14:27 of 1st period - Slapshot by Justin Faulk.
14:27 of 1st period - Deflect By Brendan Gallagher.
14:27 of 1st period - Goal by Brendan Gallagher - Predators : 2 - Senateurs : 1.
14:28 of 1st period - Nick Bjugstad wins face-off versus Ryan Kesler in neutral zone.
14:39 of 1st period - Wrist shot by Nick Bjugstad.
14:39 of 1st period - Stopped by Anders Lindback without a rebound.
14:40 of 1st period - Sidney Crosby wins face-off versus Ryan Kesler in Predators zone.
14:55 of 1st period - Snap shot by Reilly Smith.
14:55 of 1st period - Stopped by Anders Lindback with a rebound.
15:05 of 1st period - Cody Franson is hit by Alexander Edler and loses puck.
15:34 of 1st period - Wrist shot by Maxim Lapierre.
15:34 of 1st period - Stopped by Anders Lindback with a rebound.
15:46 of 1st period - Alexander Edler is hit by Sidney Crosby.
16:22 of 1st period - Minor Penalty to Alexander Ovechkin for Roughing.
16:23 of 1st period - Derek Boogaard wins face-off versus Mark Pysyk in Predators zone.
17:03 of 1st period - Snap shot by Byron Bitz.
17:03 of 1st period - Shot Misses the Net.
17:42 of 1st period - Icing by Colby Armstrong.
17:43 of 1st period - Nick Bjugstad wins face-off versus Brendan Gallagher in Senateurs zone.
17:43 of 1st period - Nick Bjugstad is hit by Brendan Gallagher.
18:22 of 1st period - Penalty to Alexander Ovechkin is over, Alexander Ovechkin is back on ice.
18:38 of 1st period - Slapshot by Alexander Ovechkin.
18:38 of 1st period - Shot Misses the Net.
18:40 of 1st period - Backhand shot by John Moore.
18:40 of 1st period - Shot Blocked by Dion Phaneuf.
18:42 of 1st period - Snap shot by Alexander Ovechkin.
18:42 of 1st period - Shot Misses the Net.
18:44 of 1st period - Snap shot by Byron Bitz.
18:44 of 1st period - Shot Misses the Net.
18:46 of 1st period - Wrist shot by Jaden Schwartz.
18:46 of 1st period - Deflect By Byron Bitz.
18:46 of 1st period - Stopped by Jaroslav Halak without a rebound.
18:47 of 1st period - Sidney Crosby wins face-off versus Ryan Kesler in Senateurs zone.
18:52 of 1st period - Snap shot by Derek Boogaard.
18:52 of 1st period - Stopped by Anders Lindback without a rebound.
18:53 of 1st period - Sidney Crosby wins face-off versus Ryan Kesler in Predators zone.
19:18 of 1st period - Snap shot by Andy Miele.
19:18 of 1st period - Shot Misses the Net.
19:32 of 1st period - Off-side.
19:33 of 1st period - Ryan Kesler wins face-off versus Nick Bjugstad in neutral zone.
19:36 of 1st period - Slapshot by John Moore.
19:36 of 1st period - Stopped by Jaroslav Halak with a rebound.
19:42 of 1st period - Slapshot by Cody Franson.
19:42 of 1st period - Shot Misses the Net.
19:44 of 1st period - Snap shot by Matt Martin.
19:44 of 1st period - Stopped by Anders Lindback without a rebound.
19:45 of 1st period - Ryan Kesler wins face-off versus Nick Bjugstad in Predators zone.
Goals for this period are 2 for Predators vs 1 for Senateurs.
Shots for this period are 17 for Predators vs 10 for Senateurs.

2nd period


0:01 of 2nd period - Ryan Kesler wins face-off versus Sidney Crosby in neutral zone.
0:26 of 2nd period - Brendan Gallagher is hit by Matt Martin and loses puck.
0:47 of 2nd period - Eric Gelinas is hit by Byron Bitz and loses puck.
1:35 of 2nd period - Dmitri Kalinin is hit by Sidney Crosby and loses puck.
1:52 of 2nd period - Matt Martin is hit by Brendan Gallagher and loses puck.
4:06 of 2nd period - Icing by Alexander Edler.
4:07 of 2nd period - Ryan Kesler wins face-off versus Peter Regin in Predators zone.
4:24 of 2nd period - Alexander Edler is hit by Peter Regin.
4:45 of 2nd period - Alexander Edler is hit by Derek Boogaard and loses puck.
5:29 of 2nd period - Nate Schmidt is hit by Eric Gelinas and loses puck.
6:19 of 2nd period - Slapshot by Dion Phaneuf.
6:19 of 2nd period - Shot Misses the Net.
7:00 of 2nd period - Reilly Smith is hit by Mark Pysyk and loses puck.
7:09 of 2nd period - Minor Penalty to Dmitri Kalinin for Roughing.
7:10 of 2nd period - Sidney Crosby wins face-off versus Andy Miele in Predators zone.
7:11 of 2nd period - Snap shot by Derek Boogaard.
7:11 of 2nd period - Shot Blocked by Ryan Mcdonagh.
7:13 of 2nd period - Slapshot by Derek Boogaard.
7:13 of 2nd period - Stopped by Anders Lindback with a rebound.
7:15 of 2nd period - Wrist shot by Derek Boogaard.
7:15 of 2nd period - Goal by Derek Boogaard - Predators : 2 - Senateurs : 2.
7:16 of 2nd period - Ryan Kesler wins face-off versus Derek Boogaard in neutral zone.
7:19 of 2nd period - Slapshot by John Moore.
7:19 of 2nd period - Stopped by Jaroslav Halak with a rebound.
7:48 of 2nd period - Slapshot by Justin Abdelkader.
7:48 of 2nd period - Stopped by Jaroslav Halak without a rebound.
7:49 of 2nd period - Nik Antropov wins face-off versus Sidney Crosby in Senateurs zone.
7:50 of 2nd period - Snap shot by Justin Abdelkader.
7:50 of 2nd period - Shot Blocked by Nate Prosser.
7:52 of 2nd period - Slapshot by Alexander Edler.
7:52 of 2nd period - Stopped by Jaroslav Halak without a rebound.
7:53 of 2nd period - Ryan Kesler wins face-off versus Sidney Crosby in Senateurs zone.
8:24 of 2nd period - Ryan Mcdonagh is hit by Eric Gelinas and loses puck.
9:20 of 2nd period - John Moore is hit by Arturs Kulda and loses puck.
9:23 of 2nd period - Slapshot by Brendan Gallagher.
9:23 of 2nd period - Shot Misses the Net.
11:19 of 2nd period - Slapshot by Mikael Granlund.
11:19 of 2nd period - Shot Blocked by Sergei Kostitsyn.
11:27 of 2nd period - Backhand shot by Maxim Lapierre.
11:27 of 2nd period - Shot Misses the Net.
12:05 of 2nd period - Wrist shot by Alex Killorn.
12:05 of 2nd period - Stopped by Jaroslav Halak with a rebound.
12:11 of 2nd period - Nate Schmidt is hit by Eric Gelinas and loses puck.
12:44 of 2nd period - Wrist shot by Mark Pysyk.
12:44 of 2nd period - Shot Blocked by Brandon Burlon.
13:49 of 2nd period - Snap shot by Alex Killorn.
13:49 of 2nd period - Shot Misses the Net.
13:51 of 2nd period - Slapshot by Mark Pysyk.
13:51 of 2nd period - Shot Misses the Net.
13:53 of 2nd period - Wrist shot by Alex Killorn.
13:53 of 2nd period - Stopped by Jaroslav Halak without a rebound.
13:54 of 2nd period - Ryan Kesler wins face-off versus Nick Bjugstad in Senateurs zone.
14:26 of 2nd period - Slapshot by Nate Prosser.
14:26 of 2nd period - Stopped by Anders Lindback with a rebound.
14:48 of 2nd period - Wrist shot by Peter Regin.
14:48 of 2nd period - Shot Misses the Net.
15:42 of 2nd period - Dion Phaneuf is hit by Byron Bitz and loses puck.
16:36 of 2nd period - Alexander Edler is hit by Matt Martin and loses puck.
16:49 of 2nd period - Colby Armstrong is hit by Brendan Gallagher and loses puck.
17:28 of 2nd period - Wrist shot by Sergei Kostitsyn.
17:28 of 2nd period - Goal by Sergei Kostitsyn - Predators : 2 - Senateurs : 3.
17:29 of 2nd period - Sidney Crosby wins face-off versus Jack Eichel in neutral zone.
17:42 of 2nd period - Wrist shot by Brendan Gallagher.
17:42 of 2nd period - Stopped by Jaroslav Halak with a rebound.
17:44 of 2nd period - Snap shot by Brendan Gallagher.
17:44 of 2nd period - Shot Blocked by Sidney Crosby.
18:01 of 2nd period - Nick Bjugstad is hit by Alex Killorn and loses puck.
18:46 of 2nd period - Snap shot by Sergei Kostitsyn.
18:46 of 2nd period - Shot Hit the Post.
18:48 of 2nd period - Slapshot by Arturs Kulda.
18:48 of 2nd period - Shot Blocked by Justin Faulk.
18:50 of 2nd period - Wrist shot by Arturs Kulda.
18:50 of 2nd period - Stopped by Anders Lindback with a rebound.
18:52 of 2nd period - Snap shot by Marek Svatos.
18:52 of 2nd period - Deflect By Sergei Kostitsyn.
18:52 of 2nd period - Stopped by Anders Lindback without a rebound.
18:53 of 2nd period - Sidney Crosby wins face-off versus Mikael Granlund in Predators zone.
18:54 of 2nd period - Wrist shot by Derek Boogaard.
18:54 of 2nd period - Stopped by Anders Lindback with a rebound.
19:00 of 2nd period - Slapshot by Alexander Edler.
19:00 of 2nd period - Stopped by Jaroslav Halak with a rebound.
19:14 of 2nd period - Alexander Ovechkin is hit by Sidney Crosby and loses puck.
Goals for this period are 0 for Predators vs 2 for Senateurs.
Shots for this period are 7 for Predators vs 7 for Senateurs.

3rd period


0:01 of 3rd period - Mikael Granlund wins face-off versus Reilly Smith in neutral zone.
0:10 of 3rd period - Snap shot by Ryan Kesler.
0:10 of 3rd period - Stopped by Jaroslav Halak with a rebound.
0:12 of 3rd period - Slapshot by Ryan Mcdonagh.
0:12 of 3rd period - Stopped by Jaroslav Halak without a rebound.
0:13 of 3rd period - Ryan Kesler wins face-off versus Sidney Crosby in Senateurs zone.
0:35 of 3rd period - Minor Penalty to John Moore for Hooking.
0:36 of 3rd period - Sidney Crosby wins face-off versus Andy Miele in Predators zone.
0:39 of 3rd period - Snap shot by Derek Boogaard.
0:39 of 3rd period - Goal by Derek Boogaard - Predators : 2 - Senateurs : 4.
0:39 of 3rd period - Viktor Fasth enters game.
0:40 of 3rd period - Sidney Crosby wins face-off versus Ryan Kesler in neutral zone.
0:51 of 3rd period - Wrist shot by Sidney Crosby.
0:51 of 3rd period - Shot Misses the Net.
0:53 of 3rd period - Slapshot by Dion Phaneuf.
0:53 of 3rd period - Shot Misses the Net.
1:05 of 3rd period - Cody Franson is hit by Alexander Edler.
2:00 of 3rd period - Snap shot by Alex Killorn.
2:00 of 3rd period - Goal by Alex Killorn - Predators : 3 - Senateurs : 4.
2:01 of 3rd period - Reilly Smith wins face-off versus Ryan Kesler in neutral zone.
2:04 of 3rd period - Wrist shot by Cody Franson.
2:04 of 3rd period - Shot Blocked by John Moore.
2:06 of 3rd period - Snap shot by Derek Boogaard.
2:06 of 3rd period - Deflect By Reilly Smith.
2:06 of 3rd period - Shot Misses the Net.
2:06 of 3rd period - Puck is out of play.
2:07 of 3rd period - Reilly Smith wins face-off versus Ryan Kesler in Predators zone.
2:14 of 3rd period - Snap shot by Derek Boogaard.
2:14 of 3rd period - Shot Misses the Net.
2:16 of 3rd period - Slapshot by Cody Franson.
2:16 of 3rd period - Deflect By Derek Boogaard.
2:16 of 3rd period - Shot Misses the Net.
2:16 of 3rd period - Puck is out of play.
2:17 of 3rd period - Ryan Kesler wins face-off versus Sidney Crosby in Predators zone.
2:24 of 3rd period - Slapshot by Alexander Edler.
2:24 of 3rd period - Shot Misses the Net.
2:26 of 3rd period - Snap shot by Ryan Kesler.
2:26 of 3rd period - Stopped by Jaroslav Halak without a rebound.
2:27 of 3rd period - Sidney Crosby wins face-off versus Ryan Kesler in Senateurs zone.
2:46 of 3rd period - Wrist shot by Sidney Crosby.
2:46 of 3rd period - Shot Blocked by Ryan Mcdonagh.
3:58 of 3rd period - Minor Penalty to Cody Franson for High sticking.
3:59 of 3rd period - Peter Regin wins face-off versus Jack Eichel in Senateurs zone.
4:07 of 3rd period - Wrist shot by Justin Faulk.
4:07 of 3rd period - Shot Misses the Net.
5:03 of 3rd period - Dion Phaneuf is hit by Andy Miele and loses puck.
5:57 of 3rd period - Brandon Burlon is hit by Nate Schmidt and loses puck.
5:58 of 3rd period - Penalty to Cody Franson is over, Cody Franson is back on ice.
6:08 of 3rd period - Snap shot by Marek Svatos.
6:08 of 3rd period - Stopped by Viktor Fasth with a rebound.
7:30 of 3rd period - Off-side.
7:31 of 3rd period - Andy Miele wins face-off versus Nick Bjugstad in neutral zone.
8:22 of 3rd period - Minor Penalty to Nik Antropov for Hooking.
8:23 of 3rd period - Sidney Crosby wins face-off versus Andy Miele in Predators zone.
8:33 of 3rd period - Snap shot by Sidney Crosby.
8:33 of 3rd period - Stopped by Viktor Fasth with a rebound.
10:12 of 3rd period - Colby Armstrong is hit by John Moore and loses puck.
10:22 of 3rd period - Penalty to Nik Antropov is over, Nik Antropov is back on ice.
10:32 of 3rd period - Slapshot by Alexander Edler.
10:32 of 3rd period - Deflect By Maxim Lapierre.
10:32 of 3rd period - Stopped by Jaroslav Halak with a rebound.
11:08 of 3rd period - Jack Eichel is hit by Sergei Kostitsyn.
11:42 of 3rd period - Snap shot by Mikael Granlund.
11:42 of 3rd period - Stopped by Jaroslav Halak without a rebound.
11:43 of 3rd period - Alexander Ovechkin wins face-off versus Sidney Crosby in Senateurs zone.
13:18 of 3rd period - Minor Penalty to Peter Regin for Delaying the game.
13:19 of 3rd period - Ryan Kesler wins face-off versus Sidney Crosby in Senateurs zone.
15:18 of 3rd period - Penalty to Peter Regin is over, Peter Regin is back on ice.
15:22 of 3rd period - Snap shot by Peter Regin.
15:22 of 3rd period - Stopped by Viktor Fasth with a rebound.
15:33 of 3rd period - Brandon Burlon is hit by Justin Abdelkader and loses puck.
15:57 of 3rd period - Nate Schmidt is hit by Brandon Burlon and loses puck.
16:02 of 3rd period - Wrist shot by Maxim Lapierre.
16:02 of 3rd period - Shot Blocked by Dmitri Kalinin.
16:46 of 3rd period - Nate Prosser is hit by Justin Faulk and loses puck.
17:21 of 3rd period - Alexander Ovechkin is hit by Sidney Crosby and loses puck.
18:02 of 3rd period - Predators, Viktor Fasth is pulled from the net.
18:20 of 3rd period - Arturs Kulda is hit by Brendan Gallagher and loses puck.
18:59 of 3rd period - Backhand shot by Reilly Smith.
18:59 of 3rd period - Deflect By Nate Schmidt.
18:59 of 3rd period - Goal by Reilly Smith - Predators : 3 - Senateurs : 5.
18:59 of 3rd period - Viktor Fasth from Predators was sent back in the game.
19:00 of 3rd period - Nik Antropov wins face-off versus Maxim Lapierre in neutral zone.
19:05 of 3rd period - Snap shot by Justin Abdelkader.
19:05 of 3rd period - Stopped by Jaroslav Halak with a rebound.
19:25 of 3rd period - Jaden Schwartz is hit by Matt Martin.
19:31 of 3rd period - Slapshot by John Moore.
19:31 of 3rd period - Stopped by Jaroslav Halak without a rebound.
19:32 of 3rd period - Jack Eichel wins face-off versus Matt Martin in Senateurs zone.
19:33 of 3rd period - Wrist shot by Jaden Schwartz.
19:33 of 3rd period - Shot Misses the Net.
19:35 of 3rd period - Slapshot by Ryan Mcdonagh.
19:35 of 3rd period - Shot Misses the Net.
19:43 of 3rd period - Slapshot by Brendan Gallagher.
19:43 of 3rd period - Deflect By Matt Martin.
19:43 of 3rd period - Goal by Brendan Gallagher - Predators : 4 - Senateurs : 5.
19:44 of 3rd period - Ryan Kesler wins face-off versus Derek Boogaard in neutral zone.
19:47 of 3rd period - Predators, Viktor Fasth is pulled from the net.
19:58 of 3rd period - Minor Penalty to Cody Franson for Tripping.
19:59 of 3rd period - Ryan Kesler wins face-off versus Sidney Crosby in Senateurs zone.
Goals for this period are 2 for Predators vs 2 for Senateurs.
Shots for this period are 9 for Predators vs 5 for Senateurs.